 Dungeon Crawl Stone Soup version 0.30.1-4-g462c640d31 (webtiles) character file.

Game seed: 11187751684065248760

95 monsoonserge the Slasher (level 4, -1/35 HPs)
             Began as a Demonspawn Monk on Sept 1, 2023.
             Killed from afar by an orc wizard (9 damage)
             ... with a puff of flame
             ... on level 3 of the Dungeon.
             The game lasted 00:05:06 (2254 turns).

monsoonserge the Slasher (Demonspawn Monk)          Turns: 2254, Time: 00:05:07

Health: -1/35      AC:  8    Str: 11    XL:     4   Next: 39%
Magic:  4/4        EV: 13    Int: 11    God:
Gold:   102        SH:  0    Dex: 18    Spells: 3/3 levels left

rFire   . . .        a - +0 falchion
rCold   . . .        i - +0 buckler
rNeg    . . .        b - +0 robe
rPois   .            (no helmet)
rElec   .            (no cloak)
rCorr   .            (no gloves)
SInv    .            (no boots)
Will    .....        (no amulet)
Stlth   +            (no ring)
HPRegen 0.25/turn    (no ring)
MPRegen 0.09/turn

%: no passive effects
@: confused, ambrosia-drunk, sanguine armoured
A: icemail 1, sanguine armour 1, condensation shield
a: no special abilities


You were on level 3 of the Dungeon.
You visited 1 branch of the dungeon, and saw 3 of its levels.

You collected 102 gold pieces.

Inventory:

Hand Weapons
 a - a +0 falchion (weapon)
 h - a +0 short sword
Missiles
 k - 12 poisoned darts (quivered)
Armour
 b - a +0 robe (worn)
 i - a +0 buckler (worn)
Scrolls
 d - a scroll of blinking {unknown}
 f - a scroll of torment {unknown}
 m - a scroll of identify {unknown}
 o - a scroll of noise {unknown}
 p - a scroll of vulnerability {unknown}
Potions
 e - a potion of heal wounds {unknown}
 g - 2 potions of haste {unknown}
 j - a potion of resistance {unknown}
 l - a potion of curing {unknown}
 n - 2 potions of degeneration {unknown}


   Skills:
 + Level 3.4 Fighting
 + Level 3.7 Long Blades
 + Level 3.3 Dodging
 + Level 0.5 Stealth
 + Level 0.5 Shields


You had 3 spell levels left.
You didn't know any spells.
Your spell library contained the following spells:

 Spells                   Type           Power      Damage    Failure   Level
 Ignite Poison            Fire/Tmut/Pois 0%         N/A       83%         3
 Sticky Flame             Conj/Fire      0%         2d3       99%         4
 Ignition                 Fire           0%         3d3       100%        8


Dungeon Overview and Level Annotations

Branches:
Dungeon (3/15)

Altars:
Wu Jian
Yredelemnul


Innate Abilities, Weirdness & Mutations

A meltable icy envelope protects you from harm. (AC +0)
When seriously injured, your blood forms armour. (AC +6)
A meltable shield of frost defends you. (SH +0)


Message History

The orc wizard mumbles some strange words.
The orc wizard flickers and vanishes!
Deactivating autopickup; reactivate with Ctrl-A.
You bump into the rock wall.
Something hits you.
You barely miss something. Something hits you but does no damage.
Something hits you.
You miss something. Something hits you.
You bump into the rock wall.
You hear some strange, mumbled words.
A magic dart appears from out of thin air!
The magic dart hits you.
* * * LOW HITPOINT WARNING * * *
You bump into the rock wall.
You feel less confused. Something hits you but does no damage.
You hit something but do no damage. Something hits you but does no damage.
You completely miss something. Something hits you but does no damage.
You miss something. Something hits you but does no damage.
You closely miss something. Something hits you but does no damage.
You barely miss something.
You hear some strange, mumbled words.
Something tries to affect you, but you resist.
Something hits you.
* * * LOW HITPOINT WARNING * * *
You completely miss something. Something barely misses you.
You barely miss something. Something hits you.
* * * LOW HITPOINT WARNING * * *
You closely miss something.
You hear some strange, mumbled words.
Something tries to affect you, but you resist.
You hit something. Something hits you.
* * * LOW HITPOINT WARNING * * *
You hit something but do no damage. Something hits you.
* * * LOW HITPOINT WARNING * * *
You are confused.
You feel invigorated.
You hear some strange, mumbled words.
A puff of flame appears from out of thin air!
The puff of flame hits you!
You die...

#. #. #. #. ##.# ###
#####..## ..# .....J.o#
.# #.# #.#{# #.# #.#
#.#@# #.# #<# ####.#.#
#.# #.# #....#.# #####
##.. #.# #.#....#
#...####... #.# #..†.###
####.......... #.#
##.#.# #......####...
#.# ###.#.#
#.##.#.#####.# #.#
#...#.# ###†#####.......
#.#
#.###.###...).##.#####..


You could see an orc.

Vanquished Creatures
  Natasha (D:3)
  2 adders (D:3)
  2 worms (D:2)
  3 dart slugs
  3 orcs (D:3)
  2 endoplasms (D:2)
  2 giant cockroaches (D:1)
  5 hobgoblins
  A quokka (D:1)
  5 ball pythons
  5 bats
  5 frilled lizards
  3 kobolds
  2 rats
41 creatures vanquished.

Notes
Turn   | Place    | Note
-------+----------+-------------------------------------------
     0 | D:1      | monsoonserge the Demonspawn Monk began the quest for the
                  | Orb.
     0 | D:1      | Reached XP level 1. HP: 18/18 MP: 1/1
   166 | D:1      | Gained mutation: A meltable shield of frost defends you.
                  | (SH +0) [demonic ancestry]
   166 | D:1      | Reached XP level 2. HP: 22/24 MP: 2/2
  1511 | D:2      | Gained mutation: When seriously injured, your blood forms
                  | armour. (AC +6) [demonic ancestry]
  1511 | D:2      | Reached XP level 3. HP: 15/29 MP: 3/3
  1957 | D:3      | Noticed Natasha
  1964 | D:3      | Killed Natasha
  2043 | D:3      | Gained mutation: A meltable icy envelope protects you from
                  | harm. (AC +0) [demonic ancestry]
  2043 | D:3      | Reached XP level 4. HP: 31/35 MP: 4/4
  2106 | D:3      | Found a basalt altar of Yredelemnul.
  2145 | D:3      | Found an ornate altar of the Wu Jian Council.
  2254 | D:3      | Killed from afar by an orc wizard

Illustrated notes

Levels and vault maps discovered:
D:1:      onia_arrival_mini_maze_b, layout_rooms, dk_noncrumbling_2,
          chequers_decorated_corner, serial_bayou_pond_a,
          dreamdust_princess_bridge
D:2:      layout_basic
D:3:      layout_loops_ring, gammafunk_temple_overflow_statue,
          nicolae_wu_jian_wuxing_cycle, mainiacjoe_overflow_boulevard,
          uniq_jessica, uniq_natasha

Skill      XL: |  1  2 |
---------------+-------+-----
Dodging        | 3 |  3.3
Long Blades    | 3 |  3.7
Fighting       | |  3.4
Stealth        | |  0.5
Shields        | |  0.5

Action                     |  1- 3 |  4- 6 || total
---------------------------+-------+-------++-------
  Melee: Falchion          |    90 |    53 ||   143
    Use: Potion            |       |     1 ||     1
   Stab: Sleeping          |     2 |     1 ||     3
 Armour: Robe              |    13 |    14 ||    27
  Dodge: Dodged            |    42 |    26 ||    68
  Block: Buckler           |    16 |    23 ||    39
